 Dungeon Crawl Stone Soup version 0.22-a0-619-ga0c6fd2ff5 (webtiles) character file.

177 Ireaine the Chopper (level 5, 0/50 HPs)
             Began as a Naga Berserker on July 14, 2018.
             Was a Follower of Trog.
             Killed from afar by an orc wizard (3 damage)
             ... with a puff of frost
             ... on level 3 of the Dungeon.
             The game lasted 00:07:26 (3375 turns).

Ireaine the Chopper (Naga Berserker)                Turns: 3375, Time: 00:07:26

Health: 0/50       AC:  6    Str: 21    XL:     5   Next: 57%
Magic:  5/5        EV:  6    Int:  7    God:    Trog [*.....]
Gold:   145        SH:  0    Dex: 10    Spells: 4/4 levels left

rFire    . . .     SeeInvis +   d - +0 war axe
rCold    . . .     Gourm    .   (no shield)
rNeg     . . .     Faith    .   k - +0 chain mail
rPois    +         Spirit   .   (no helmet)
rElec    .         Reflect  .   (no cloak)
rCorr    .         Harm     .   (no gloves)
MR       .....                  (no barding)
Stlth    ..........             (no amulet)
HPRegen  0.16/turn              (no ring)
MPRegen  0.09/turn              (no ring)

@: very slow
A: large, see invisible, deformed body, poison resistance, slowness 2, slow
metabolism 1, spit poison 1, AC +1
a: Spit Poison, Berserk, Renounce Religion


You were on level 3 of the Dungeon.
You worshipped Trog.
Trog was aware of your devotion.
You were hungry.

You visited 1 branch of the dungeon, and saw 3 of its levels.

You collected 145 gold pieces.

Inventory:

Hand Weapons
 d - a +0 war axe (weapon)
Armour
 k - a +0 chain mail (worn)
Scrolls
 b - a scroll of remove curse
Potions
 e - 3 potions of lignification
 g - 2 potions of haste
 h - a potion of might
 i - a potion of mutation
 j - a potion of ambrosia {unknown}
Comestibles
 c - 3 rations


   Skills:
 + Level 3.8 Fighting
 * Level 4.4 Axes
 + Level 2.4 Armour
 + Level 2.4 Dodging


You had 4 spell levels left.
You didn't know any spells.
Your spell library was empty.

Dungeon Overview and Level Annotations

Branches:
Dungeon (3/15)

Altars:
Ru


Innate Abilities, Weirdness & Mutations

You cannot wear boots.
Your serpentine skin is tough. (AC +1)
You have supernaturally acute eyesight. (SInv)
Armour fits poorly on your strangely shaped body.
Your system is resistant to poisons. (rPois)
You cover ground very slowly.
You have a slow metabolism.
You can spit poison.


Message History

You have reached level 5!
You are feeling hungry.
The orc wizard hits you but does no damage.
You slash the orc wizard!
The orc wizard is heavily wounded.
The orc wizard hits you but does no damage. x2
You hit the orc wizard.
The orc wizard is severely wounded.
The orc wizard closely misses you.
The orc wizard hits you but does no damage.
You hit the orc wizard.
The orc wizard is almost dead.
The orc wizard hits you but does no damage.
The orc wizard casts a spell at you. The puff of frost misses you.
You closely miss the orc wizard.
The orc wizard is almost dead.
The orc wizard casts a spell at you. The puff of frost hits you!
You die...

#....((..# #.##
######...# #.#
#.####.....#
###
#..........# .
######.#...###
##
.####(.(.......
.......(#.#.###
#########.###.#
.......@or).#..
#########.#.#
.. #.#.# #r# #
.## . #


You could see an orc wizard (invisible) and a quokka.

Vanquished Creatures
  An ice beast (D:3)
  Robin (D:2)
  An adder (D:2)
  3 oozes (D:1)
  A dart slug (D:2)
  2 orcs (D:3)
  3 giant cockroaches
  10 goblins
  7 hobgoblins
  A quokka (D:2)
  2 bats
  A frilled lizard (D:1)
  6 kobolds
  5 rats
44 creatures vanquished.

Notes
Turn   | Place    | Note
-------+----------+-------------------------------------------
     0 | D:1      | Ireaine the Naga Berserker began the quest for the Orb.
     0 | D:1      | Reached XP level 1. HP: 21/21 MP: 1/1
   412 | D:1      | Reached XP level 2. HP: 28/28 MP: 2/2
   687 | D:1      | Reached XP level 3. HP: 15/34 MP: 3/3
  2150 | D:2      | Noticed Robin
  2165 | D:2      | Reached XP level 4. HP: 5/42 MP: 4/4
  2166 | D:2      | HP: 1/42 [goblin/club[Robin] (4)]
  2176 | D:2      | Killed Robin
  2199 | D:2      | HP: 2/42 [hobgoblin[Robin] (2)]
  2490 | D:2      | Found a sacrificial altar of Ru.
  2584 | D:2      | Found a faded altar of an unknown god.
  3355 | D:3      | Noticed an ice beast
  3369 | D:3      | HP: 1/42 [ice beast (5)]
  3371 | D:3      | Killed an ice beast
  3371 | D:3      | Reached skill level 4 in Axes
  3371 | D:3      | Reached XP level 5. HP: 2/50 MP: 5/5
  3375 | D:3      | Killed from afar by an orc wizard

Vault maps used:
D:1:      wheals_arrival_linesprint
D:2:      nicolae_overflow_hidden_temple, chequers_ecumenical_altar_lobes,
          lemuel_flame_loot_1, uniq_robin
D:3:      hangedman_ru_absence

Skill      XL: |  1  2  3  4 |
---------------+-------------+-----
Dodging        | 2 |  2.4
Armour         | 2 |  2.4
Axes           | 4 |  4.4
Fighting       | |  3.8

Action                   |  1- 3 |  4- 6 || total
-------------------------+-------+-------++-------
Melee: Hand axe          |   104 |    21 ||   125
       War axe           |       |    32 ||    32
  Use: Scroll            |     9 |     3 ||    12
       Potion            |       |     1 ||     1
  Eat: Chunk             |     2 |       ||     2
       Ration            |       |     1 ||     1
Armor: Leather armour    |     8 |       ||     8
       Chain mail        |    43 |    30 ||    73
Dodge: Dodged            |    41 |    16 ||    57

Table legend:
 A = Spawn XP
 B = Non-spawn XP
 C = Spawn XP percentage of total XP
 D = Spawn monster count
 E = Non-spawn monster count
 F = Spawn count percentage of total count
 G = Total turns spent on level
                    A         B        C        D         E        F      G
               +---------+---------+-------+---------+---------+-------+---------
         Total |       0 |     253 |   0.0 |       0 |      44 |   0.0 |  3375
               +---------+---------+-------+---------+---------+-------+---------
           D:1 |       0 |      39 |   0.0 |       0 |      15 |   0.0 |  1324
           D:2 |       0 |      70 |   0.0 |       0 |      23 |   0.0 |  1954
           D:3 |       0 |     144 |   0.0 |       0 |       6 |   0.0 |    97
               +---------+---------+-------+---------+---------+-------+---------
